[Event "Friday Night Double Round Robin 3m+1s Starts at 2200hrs ST NO LATE JOINS POSS"]
[Site "Infinity Chess"]
[Date "2018.1.19"]
[Round "1"]
[White "ocirema"]
[Black "Deep SKY"]
[Result "1/2-1/2"]
[ECO "B90"]
[WhiteElo "2485"]
[BlackElo "2484"]
[WhiteEngine "stockfish_18011309_x64_modern_CTG"]
[BlackEngine "BrainFish_180106_x64_CTG"]
[EventType "Round Robin"]
[WhiteTeam ""]
[BlackTeam ""]
[PlyCount "90"]
[TimeControl "180+1"]

1. e4 c5 2. Nf3 d6 3. d4 cxd4 4. Nxd4 Nf6 5. Nc3 a6 6. Be3 Ng4 7. Bg5 h6 
8. Bh4 g5 9. Bg3 Bg7 10. h3 Ne5 11. f3 Nbc6 12. Bf2 Ng6 13. Qd2 Nxd4 
14. Bxd4 Bxd4 15. Qxd4 Qa5 16. O-O-O Be6 17. Kb1 Qc5 18. Qd2 O-O-O 19. g3 Qe5 
20. Rg1 Qc5 21. Bg2 Rhg8 22. Rge1 Ne5 23. Nd5 Bxd5 24. exd5 Kb8 25. b3 Rde8 
26. Re3 h5 27. f4 gxf4 28. Rc3 Qb6 29. gxf4 Nd7 30. h4 Nf6 31. Bf3 Rg3 
32. Qe1 Rh3 33. Kb2 Rc8 34. Rxc8+ Kxc8 35. Qxe7 Qd8 36. Qe2 Rxh4 37. Rd4 Nd7 
38. c3 Nf6 39. Qg2 Ng4 40. Kb1 Qd7 41. Qg3 Qf5+ 42. Be4 Qf6 43. Bf3 Qf5+ 
44. Be4 Qf6 45. Bf3 Qf5+ 1/2-1/2

[Event "Friday Night Double Round Robin 3m+1s Starts at 2200hrs ST NO LATE JOINS POSS"]
[Site "Infinity Chess"]
[Date "2018.1.19"]
[Round "1"]
[White "RonWeasley"]
[Black "star99"]
[Result "1/2-1/2"]
[ECO "B95"]
[WhiteElo "2489"]
[BlackElo "2469"]
[WhiteEngine "BrainFish 130117_CTG"]
[BlackEngine "Cryptic AIL V1"]
[EventType "Round Robin"]
[WhiteTeam ""]
[BlackTeam ""]
[PlyCount "76"]
[TimeControl "180+1"]

1. e4 c5 2. Nf3 d6 3. d4 cxd4 4. Nxd4 Nf6 5. Nc3 a6 6. Bg5 e6 7. Qf3 Be7 
8. O-O-O Qc7 9. g4 b5 10. Bxf6 gxf6 11. e5 Bb7 12. exd6 Bxd6 13. Ne4 Bf4+ 
14. Kb1 Nd7 15. Bxb5 axb5 16. Nxb5 Qa5 17. Qxf4 Qxa2+ 18. Kc1 Qa1+ 19. Kd2 Qa5+ 
20. c3 Ke7 21. Nbd6 Bxe4 22. Nxe4 Qe5 23. Ke3 h5 24. h3 Rhb8 25. Ra1 Qxf4+ 
26. Kxf4 Rxa1 27. Rxa1 hxg4 28. hxg4 Rxb2 29. Ra7 Kd8 30. Ke3 Rb6 31. Ra5 Ke7 
32. f4 Rb7 33. Kd3 Rb1 34. c4 Rd1+ 35. Ke3 Re1+ 36. Kd3 Rd1+ 37. Ke3 Re1+ 
38. Kd3 Rd1+ 1/2-1/2

[Event "Friday Night Double Round Robin 3m+1s Starts at 2200hrs ST NO LATE JOINS POSS"]
[Site "Infinity Chess"]
[Date "2018.1.19"]
[Round "1"]
[White "MGR"]
[Black "Dovahkiin"]
[Result "1/2-1/2"]
[ECO "B90"]
[WhiteElo "2500"]
[BlackElo "2445"]
[WhiteEngine "asmFishW_2017-11-19_bmi2"]
[BlackEngine "BrainFish_180113_x64_modern_CTG"]
[EventType "Round Robin"]
[WhiteTeam ""]
[BlackTeam ""]
[PlyCount "99"]
[TimeControl "180+1"]

1. e4 c5 2. Nf3 d6 3. d4 cxd4 4. Nxd4 Nf6 5. Nc3 a6 6. Be3 e5 7. Nb3 Be6 
8. f3 h5 9. Qd2 Nbd7 10. Nd5 Bxd5 11. exd5 g6 12. Be2 Bg7 13. O-O b6 14. c4 O-O 
15. Rae1 Re8 16. h3 Qc7 17. Rc1 a5 18. Qc2 Rac8 19. Bd3 h4 20. Bg5 Nh5 
21. Bxh4 Nf4 22. Rfd1 Bh6 23. Nd2 b5 24. Bf2 bxc4 25. Bf1 Nb6 26. Qb1 Nfxd5 
27. Rxc4 Nxc4 28. Nxc4 Qc6 29. Nxa5 Qa8 30. Nc4 Bf8 31. Bd3 Qa4 32. Be4 Nc3 
33. bxc3 Rxc4 34. Bd5 Kg7 35. Bxc4 Qxc4 36. Qb2 Ra8 37. Rd2 Rc8 38. Rc2 Be7 
39. Qb7 Bg5 40. Qb3 Rc7 41. Qxc4 Rxc4 42. Kf1 f5 43. Ke2 d5 44. Be1 Kf7 
45. Rb2 Ra4 46. Rb7+ Kf6 47. Rb6+ Kf7 48. Rb7+ Kf6 49. Rb6+ Kf7 50. Rb7+ 1/2-1/2

[Event "Friday Night Double Round Robin 3m+1s Starts at 2200hrs ST NO LATE JOINS POSS"]
[Site "Infinity Chess"]
[Date "2018.1.19"]
[Round "1"]
[White "Victorious"]
[Black "tris77"]
[Result "1-0 "]
[ECO "B90"]
[WhiteElo "2521"]
[BlackElo "2439"]
[WhiteEngine "BugChess2.41_Release"]
[BlackEngine "Raubfisch X37b_CTG"]
[EventType "Round Robin"]
[WhiteTeam ""]
[BlackTeam ""]
[PlyCount "185"]
[TimeControl "180+1"]

1. e4 c5 2. Nf3 d6 3. d4 cxd4 4. Nxd4 Nf6 5. Nc3 a6 6. Be3 e5 7. Nb3 Be6 
8. f3 Be7 9. Qd2 O-O 10. O-O-O Nbd7 11. g4 b5 12. g5 Nh5 13. Nd5 Bxd5 
14. exd5 f6 15. g6 hxg6 16. Rg1 Qe8 17. Na5 f5 18. Nc6 Bd8 19. Kb1 Kh7 
20. Qb4 Bb6 21. Bxb6 Nxb6 22. c4 Rf6 23. cxb5 axb5 24. Bxb5 Nf4 25. a4 Qf7 
26. Qb3 Qb7 27. Rge1 g5 28. Rg1 Rh6 29. Qc2 Kh8 30. Rxg5 Nbxd5 31. Qb3 Rc8 
32. Rxf5 Qd7 33. Rg5 Rxc6 34. Rxd5 Nxd5 35. Qxd5 Qd8 36. Qxc6 Qxg5 37. Qe8+ Kh7 
38. Bd3+ g6 39. Qd7+ Kh8 40. Qxd6 Rxh2 41. Bxg6 Kg7 42. Bd3 Rh8 43. Qd7+ Kf6 
44. Bc2 Qg1+ 45. Ka2 Qg8+ 46. Bb3 Qe8 47. Qxe8 Rxe8 48. Bc2 Rb8 49. Ka3 Ke7 
50. b4 Kd6 51. Be4 Rh8 52. a5 Rh1 53. Kb3 Re1 54. Ka4 Re2 55. Kb3 Re3+ 
56. Ka4 Re1 57. Kb5 Kc7 58. Ka6 Re2 59. b5 Ra2 60. Bb7 Rb2 61. Bd5 Rd2 
62. Bc4 Kb8 63. Kb6 Rh2 64. a6 Rh6+ 65. Ka5 Ka7 66. Bd5 Rf6 67. Bc6 Kb8 
68. Kb6 Rf7 69. Kc5 Ka7 70. Kd6 Rf5 71. Ke6 Rg5 72. Kf6 Rh5 73. Bd5 Kb6 
74. Be4 Rh8 75. Kxe5 Rh5+ 76. Bf5 Rh2 77. Bd7 Rd2 78. Bc6 Re2+ 79. Kf6 Ka7 
80. f4 Kb6 81. f5 Ka7 82. Kg7 Re7+ 83. Kf8 Re5 84. f6 Re1 85. f7 Kb6 86. Bf3 Rf1 
87. Ke7 Rxf3 88. f8=Q Rxf8 89. Kxf8 Kxb5 90. a7 Ka4 91. Ke7 Kb4 92. Kd6 Kb3 
93. Kc5 1-0

[Event "Friday Night Double Round Robin 3m+1s Starts at 2200hrs ST NO LATE JOINS POSS"]
[Site "Infinity Chess"]
[Date "2018.1.19"]
[Round "1"]
[White "Gilgamesch"]
[Black "PAKtech"]
[Result "1/2-1/2"]
[ECO "C55"]
[WhiteElo "2559"]
[BlackElo "2425"]
[WhiteEngine "BrainFish_171005_x64_bmi2"]
[BlackEngine "Raubfisch ME262_GTZ16b3._CTG"]
[EventType "Round Robin"]
[WhiteTeam ""]
[BlackTeam ""]
[PlyCount "57"]
[TimeControl "180+1"]

1. e4 e5 2. Nf3 Nc6 3. Bc4 Nf6 4. d3 Bc5 5. Nbd2 O-O 6. Bb3 d6 7. O-O a5 
8. a4 Be6 9. Bxe6 fxe6 10. c3 Qe8 11. Qb3 Rb8 12. Nc4 d5 13. exd5 exd5 
14. Be3 b6 15. Ncd2 h6 16. Ne4 Qe6 17. Bxc5 bxc5 18. Nxc5 Qd6 19. Qa3 Rf7 
20. Nd2 Nb4 21. Rac1 Qxc5 22. cxb4 Qxb4 23. Qxb4 Rxb4 24. b3 Re7 25. Rfd1 Rd4 
26. Nf3 Rb4 27. Nd2 Rd4 28. Nf3 Rb4 29. Nd2 1/2-1/2

[Event "Friday Night Double Round Robin 3m+1s Starts at 2200hrs ST NO LATE JOINS POSS"]
[Site "Infinity Chess"]
[Date "2018.1.19"]
[Round "1"]
[White "xeonrocks"]
[Black "OlivierEvan"]
[Result "1/2-1/2"]
[ECO "C53"]
[WhiteElo "2581"]
[BlackElo "2409"]
[WhiteEngine "asmFishW_CTG"]
[BlackEngine "Houdini 6"]
[EventType "Round Robin"]
[WhiteTeam ""]
[BlackTeam ""]
[PlyCount "140"]
[TimeControl "180+1"]

1. e4 e5 2. Nf3 Nc6 3. Bc4 Bc5 4. c3 Nf6 5. d4 exd4 6. e5 d5 7. Bb5 Ne4 
8. cxd4 Bb6 9. O-O O-O 10. h3 f6 11. Nc3 fxe5 12. Bxc6 bxc6 13. Nxe4 dxe4 
14. Qb3+ Qd5 15. Nxe5 Be6 16. Qxd5 cxd5 17. Be3 a5 18. a4 Bc8 19. Rac1 h6 
20. Rc6 Rf6 21. Rfc1 Rxc6 22. Rxc6 Bb7 23. Rc1 Rd8 24. Kf1 Kf8 25. Ke2 Ke7 
26. f4 exf3+ 27. gxf3 Rd6 28. h4 Bc8 29. Kd2 Bf5 30. h5 Re6 31. Re1 Ke8 
32. b3 Ke7 33. Re2 Ke8 34. Re1 Ke7 35. Re2 Ke8 36. Bg1 Kf8 37. Kc3 Re8 
38. Bf2 Kg8 39. b4 Be6 40. Re1 Kh7 41. b5 Rf8 42. Kd2 Rf5 43. Bg3 Rg5 
44. Bf4 Rxh5 45. Nd3 Bf5 46. Nc5 Rh4 47. Be5 g5 48. Rc1 Kg6 49. Nb3 Rh3 
50. Bxc7 Rxf3 51. Bxb6 Rxb3 52. Bxa5 g4 53. Bc7 h5 54. b6 h4 55. a5 Rd3+ 
56. Ke1 Bc8 57. Rc6+ Kf5 58. Be5 Ba6 59. Rf6+ Kg5 60. Rf7 g3 61. b7 Bxb7 
62. Rxb7 h3 63. Rg7+ Kh6 64. Rg8 h2 65. Rh8+ Kg5 66. Ke2 Ra3 67. Bxg3 Rxg3 
68. Rxh2 Ra3 69. Rh7 Rxa5 70. Rh1 Ra2+ 1/2-1/2

[Event "Monday 15 January Rapid Engine Tour 12+1 Rounds 9 Starts 1600 ST"]
[Site "Infinity Chess"]
[Date "2018.1.15"]
[Round "9"]
[White "ocirema"]
[Black "CrapCleaner"]
[Result "1/2-1/2 "]
[ECO "C77"]
[WhiteElo "2415"]
[BlackElo "2399"]
[WhiteEngine "stockfish_18011309_x64_modern_CTG"]
[BlackEngine "komodo-11.01-64bit_CTG"]
[EventType "Swiss"]
[WhiteTeam ""]
[BlackTeam ""]
[PlyCount "117"]
[TimeControl "720+1"]

1. e4 e5 2. Nf3 Nc6 3. Bb5 a6 4. Ba4 Nf6 5. O-O Be7 6. Re1 b5 7. Bb3 O-O 
8. a4 b4 9. d4 d6 10. dxe5 Nxe5 11. Nxe5 dxe5 12. Qe2 a5 13. Bg5 Qd4 14. c3 Qb6 
15. Bc4 Rb8 16. Be3 Qc6 17. f3 Nh5 18. g3 Qg6 19. Qg2 Be6 20. Bxe6 Qxe6 
21. Qc2 Qg6 22. Nd2 bxc3 23. bxc3 Nxg3 24. hxg3 Qxg3+ 25. Kf1 Rb6 26. Bxb6 cxb6 
27. Nb3 Qxf3+ 28. Qf2 Qh3+ 29. Ke2 Bh4 30. Rh1 Qxh1 31. Rxh1 Bxf2 32. Kxf2 Rc8 
33. Rc1 Rc4 34. Nd2 Rxa4 35. Rb1 h5 36. Rxb6 Ra2 37. Rb8+ Kh7 38. Ke2 h4 
39. c4 g5 40. Rb1 g4 41. Rg1 g3 42. Rh1 Kg6 43. Rxh4 f5 44. exf5+ Kxf5 
45. Rh1 a4 46. c5 Rc2 47. Kd3 Rxc5 48. Ne4 Rd5+ 49. Ke3 g2 50. Rh5+ Ke6 
51. Rg5 Rb5 52. Rxg2 Rb3+ 53. Ke2 Rb2+ 54. Nd2 a3 55. Rg7 a2 56. Ra7 a1=Q 
57. Rxa1 Rb4 58. Ra6+ Kf5 59. Ra5 1/2-1/2

[Event "Monday 15 January Rapid Engine Tour 12+1 Rounds 9 Starts 1600 ST"]
[Site "Infinity Chess"]
[Date "2018.1.15"]
[Round "9"]
[White "OlivierEvan"]
[Black "Dovahkiin"]
[Result "1/2-1/2"]
[ECO "D20"]
[WhiteElo "2403"]
[BlackElo "2371"]
[WhiteEngine "Houdini 6"]
[BlackEngine "BrainFish_180113_x64_modern_CTG"]
[EventType "Swiss"]
[WhiteTeam ""]
[BlackTeam ""]
[PlyCount "162"]
[TimeControl "720+1"]

1. d4 d5 2. c4 dxc4 3. Nc3 a6 4. e3 Nf6 5. Bxc4 e6 6. a4 c5 7. Nf3 Nc6 
8. O-O Be7 9. Qe2 cxd4 10. Rd1 e5 11. exd4 exd4 12. Nxd4 Nxd4 13. Qe3 O-O 
14. Rxd4 Qc7 15. Qf3 Qb6 16. Rd3 Bg4 17. Nd5 Qe6 18. Nxe7+ Qxe7 19. Qe3 Qc7 
20. Rd4 Rad8 21. Bf1 Rxd4 22. Qxd4 Rd8 23. Qb4 a5 24. Qa3 Be6 25. h3 h6 
26. Be3 Qd6 27. Bc5 Qc7 28. Rc1 Qf4 29. Be3 Qe5 30. Qc3 Qxc3 31. bxc3 Bb3 
32. Bb6 Rc8 33. Bxa5 Bxa4 34. Rb1 Ra8 35. Bb6 Bc6 36. Rd1 Ne4 37. Bd4 Ra3 
38. c4 Ng5 39. Ra1 Rb3 40. Ra8+ Kh7 41. Ra2 Ne6 42. Be5 f6 43. Rb2 Ra3 
44. Bd6 Ra1 45. f3 g5 46. Rd2 Kg6 47. Kf2 Rc1 48. Bd3+ Kf7 49. Ke3 Re1+ 
50. Re2 Rd1 51. Rb2 Nf4 52. Bxf4 gxf4+ 53. Kd4 Ke6 54. Re2+ Kd6 55. h4 Bd7 
56. Kc3 Rh1 57. Kb4 b6 58. Ra2 Rxh4 59. Ra6 Ke7 60. Rxb6 Rh2 61. Rb7 Rxg2 
62. Ra7 Kd8 63. Be4 Rb2+ 64. Kc3 Rh2 65. c5 Rh1 66. Kb4 Rc1 67. Ra8+ Ke7 
68. Rh8 Ke6 69. Rh7 Be8 70. Rxh6 Ke5 71. Rh8 Bf7 72. Rd8 f5 73. Bd3 Bd5 
74. Rf8 Kd4 75. Rxf5 Bc6 76. Be4 Bxe4 77. Rxf4 Rc4+ 78. Kb5 Rxc5+ 79. Kb6 Rc8 
80. Rxe4+ Kd5 81. Re1 Rb8+ 1/2-1/2

[Event "Monday 15 January Rapid Engine Tour 12+1 Rounds 9 Starts 1600 ST"]
[Site "Infinity Chess"]
[Date "2018.1.15"]
[Round "9"]
[White "Neoxium"]
[Black "MarioDeMonti"]
[Result "1/2-1/2"]
[ECO "C77"]
[WhiteElo "2453"]
[BlackElo "2391"]
[WhiteEngine "SF SL FA-IDeA"]
[BlackEngine "stockfish_x64_bmi2_2018_01_01_CTG"]
[EventType "Swiss"]
[WhiteTeam ""]
[BlackTeam ""]
[PlyCount "153"]
[TimeControl "720+1"]

1. e4 e5 2. Nf3 Nc6 3. Bb5 a6 4. Ba4 Nf6 5. d3 Bc5 6. Bxc6 dxc6 7. Nbd2 Be6 
8. O-O Nd7 9. Qe2 Qf6 10. Nc4 Bg4 11. Be3 Bd6 12. h3 Bxf3 13. Qxf3 Qxf3 
14. gxf3 O-O 15. d4 Rae8 16. Rad1 f5 17. exf5 Rxf5 18. Nxd6 cxd6 19. dxe5 Nxe5 
20. Rxd6 Rxf3 21. Kg2 Rxe3 22. fxe3 Nc4 23. Rd7 Nxe3+ 24. Kg1 Nxf1 25. Kxf1 Rb8 
26. Kg2 a5 27. Kg3 b6 28. h4 Re8 29. Rd6 Rc8 30. b3 Kf8 31. Rd7 Re8 32. c4 a4 
33. Kf3 Re5 34. Rc7 Rc5 35. Ke4 b5 36. cxb5 axb3 37. axb3 Rxb5 38. Rxc6 Rxb3 
39. h5 h6 40. Rc5 Kf7 41. Kf4 Rb6 42. Kg3 Kf6 43. Rc1 Rb3+ 44. Kg4 Rb4+ 
45. Kf3 Rb5 46. Rc6+ Ke5 47. Rc1 Kd4 48. Rd1+ Ke5 49. Ra1 Rb6 50. Re1+ Kf6 
51. Ra1 Re6 52. Ra4 Rd6 53. Ra1 Rd3+ 54. Kg4 Rd4+ 55. Kh3 Kg5 56. Rg1+ Kf6 
57. Ra1 Rd2 58. Kg4 Rg2+ 59. Kf4 Rd2 60. Rb1 Rd4+ 61. Ke3 Rg4 62. Ra1 Rh4 
63. Rf1+ Ke6 64. Rg1 Rh3+ 65. Kd4 Kf7 66. Rf1+ Ke6 67. Re1+ Kf5 68. Rf1+ Ke6 
69. Rg1 Kf7 70. Rf1+ Kg8 71. Rf5 Ra3 72. Rf1 Ra5 73. Rh1 Ra4+ 74. Kc3 Kf7 
75. Kd3 Ra5 76. Ke4 Ke7 77. Kf4 1/2-1/2

[Event "Monday 15 January Rapid Engine Tour 12+1 Rounds 9 Starts 1600 ST"]
[Site "Infinity Chess"]
[Date "2018.1.15"]
[Round "9"]
[White "tris77"]
[Black "Thinker"]
[Result "1/2-1/2"]
[ECO "D30"]
[WhiteElo "2302"]
[BlackElo "2461"]
[WhiteEngine "Raubfisch X37b_CTG"]
[BlackEngine "BrainFish_180113_x64_modern_CTG"]
[EventType "Swiss"]
[WhiteTeam ""]
[BlackTeam ""]
[PlyCount "75"]
[TimeControl "720+1"]

1. d4 d5 2. c4 e6 3. Nf3 Nf6 4. Nc3 Be7 5. Bg5 h6 6. Bh4 O-O 7. e3 b6 8. Be2 Bb7 
9. Bxf6 Bxf6 10. cxd5 exd5 11. O-O Nd7 12. b4 c6 13. Qb3 b5 14. a4 a6 15. a5 Be7 
16. Nd1 Nf6 17. Nb2 Ne4 18. Nd3 Nd6 19. Nc5 Bc8 20. h3 Ne4 21. Nd3 Ra7 
22. Rac1 Rc7 23. Rfe1 Bf5 24. Nfe5 Nd2 25. Qc3 Nc4 26. Nc5 Bxc5 27. dxc5 Re8 
28. Nf3 Be4 29. Nd4 Qf6 30. Red1 Ne5 31. Rf1 Rce7 32. g3 Nc4 33. Kh2 Ne5 
34. Kg1 Nc4 35. Rcd1 Rd7 36. Bg4 Rde7 37. Be2 Ne5 38. Rc1 1/2-1/2

[Event "Monday 15 January Rapid Engine Tour 12+1 Rounds 9 Starts 1600 ST"]
[Site "Infinity Chess"]
[Date "2018.1.15"]
[Round "9"]
[White "ivrdurant"]
[Black "THE_MACHINE"]
[Result "1/2-1/2"]
[ECO "C24"]
[WhiteElo "2432"]
[BlackElo "2490"]
[WhiteEngine "Raubfisch X37b1."]
[BlackEngine "Houdini 6"]
[EventType "Swiss"]
[WhiteTeam ""]
[BlackTeam ""]
[PlyCount "160"]
[TimeControl "720+1"]

1. e4 e5 2. Bc4 Nf6 3. d3 c6 4. Nf3 d5 5. Bb3 a5 6. a4 Bb4+ 7. c3 Bd6 
8. exd5 cxd5 9. Bg5 Be6 10. Bh4 Nbd7 11. O-O h6 12. Na3 O-O 13. h3 Bb8 
14. Nb5 Re8 15. Re1 Ra6 16. Re3 Bf5 17. Bxd5 g5 18. Bxb7 Rb6 19. Be4 Bxe4 
20. dxe4 gxh4 21. Nxh4 Nc5 22. Qf3 Qd7 23. c4 Qc6 24. Rae1 Nxa4 25. Nf5 Kh7 
26. Nfd6 Bxd6 27. Qf5+ Kg7 28. Rg3+ Kf8 29. Qxf6 Bb4 30. Qg7+ Ke7 31. Rd1 Qf6 
32. Qg4 Rb7 33. b3 Nb6 34. Rdd3 Nd7 35. Qh5 Rd8 36. Rdf3 Qe6 37. Qh4+ Nf6 
38. Rf5 Bd2 39. Rgf3 Bg5 40. Qg3 Rxb5 41. cxb5 Bf4 42. R3xf4 exf4 43. Qxf4 Rd1+ 
44. Kh2 Nd7 45. b6 Rd4 46. b7 Rb4 47. Qh4+ Ke8 48. Rxa5 Rxb7 49. Ra8+ Rb8 
50. Rxb8+ Nxb8 51. Qf4 Nd7 52. b4 h5 53. f3 Qb6 54. Qg5 Qxb4 55. Qxh5 Qd6+ 
56. Kg1 Ne5 57. Qh8+ Ke7 58. Qh4+ Ke6 59. Qg5 f6 60. Qg8+ Ke7 61. Qg3 Qd1+ 
62. Kh2 Qd4 63. Qg7+ Nf7 64. Qg3 Qd7 65. Qf4 Qd6 66. Qxd6+ Nxd6 67. Kg3 f5 
68. e5 Nf7 69. f4 Nd8 70. Kf3 Ne6 71. Ke3 Kf7 72. g3 Ke7 73. h4 Kf7 74. h5 Kg7 
75. g4 fxg4 76. f5 Nc5 77. h6+ Kxh6 78. e6 Kg7 79. e7 Kf7 80. Kf4 Kxe7 1/2-1/2

[Event "Monday 15 January Rapid Engine Tour 12+1 Rounds 9 Starts 1600 ST"]
[Site "Infinity Chess"]
[Date "2018.1.15"]
[Round "9"]
[White "Harry_Potter"]
[Black "Satria_Ungu"]
[Result "1/2-1/2"]
[ECO "A20"]
[WhiteElo "2500"]
[BlackElo "2423"]
[WhiteEngine "Stockfish_18011309_x64_bmi2_CTG"]
[BlackEngine "Houdini 6"]
[EventType "Swiss"]
[WhiteTeam ""]
[BlackTeam ""]
[PlyCount "198"]
[TimeControl "720+1"]

1. c4 e5 2. g3 Nf6 3. Nc3 Bb4 4. Bg2 O-O 5. e4 d6 6. Nge2 Nc6 7. d3 Bc5 
8. O-O Bg4 9. h3 Bxe2 10. Nxe2 h6 11. Kh2 Nd4 12. Nc3 Qe7 13. f4 c6 14. f5 b5 
15. h4 bxc4 16. dxc4 Kh7 17. Na4 Rh8 18. Rb1 a5 19. b3 Ba7 20. Rb2 Rad8 
21. Qe1 Rhg8 22. Kh1 Rd7 23. Be3 Ng4 24. Bc1 g6 25. f6 Nxf6 26. Bh3 Nh5 
27. c5 f5 28. Rg2 f4 29. gxf4 Rdd8 30. cxd6 Rxd6 31. Ba3 Nxf4 32. Bxd6 Qxd6 
33. Rh2 Qd8 34. Nb2 Bb6 35. Nc4 Bc7 36. Bg4 h5 37. Bd1 Rf8 38. Qc3 Qd7 
39. Nd2 Qd6 40. Nc4 Qe7 41. Nd2 Kg7 42. Rg1 Bd8 43. Nc4 Qe6 44. a4 Kh7 
45. Qg3 Bc7 46. Qe3 Qd7 47. Qe1 c5 48. Rg3 Kg7 49. Re3 Qc6 50. Rg3 Rf6 
51. Rg1 Kh7 52. Rf1 Qb7 53. Rd2 Qa8 54. Qe3 Qc6 55. Rh2 Qd7 56. Rd2 Rf7 
57. Rdf2 Qc6 58. Rd2 Rg7 59. Qe1 Qb7 60. Rg1 Re7 61. Rg3 Re6 62. Rh2 Bd8 
63. Re3 Qc7 64. Qd2 Ra6 65. Qe1 Ra7 66. Rg3 Rb7 67. Rg1 Rb4 68. Qc3 Bf6 
69. Qe3 Rb8 70. Qg3 Qb7 71. Qe3 Qa8 72. Rf1 Rd8 73. Kg1 Rf8 74. Qe1 Bg7 
75. Nxa5 Rb8 76. Nc4 Nxb3 77. Qe3 Nd4 78. Nxe5 Bxe5 79. Rxf4 Rb7 80. Rhf2 Bxf4 
81. Qxf4 Re7 82. e5 Qd5 83. Kh2 Rxe5 84. a5 Re7 85. Bf3 Nxf3+ 86. Qxf3 Qd7 
87. Qf4 Qb5 88. Qf6 Qe8 89. a6 c4 90. Rb2 Rd7 91. Qc3 Qc8 92. Rb7 Rxb7 
93. axb7 Qxb7 94. Qxc4 g5 95. hxg5 Qf3 96. g6+ Kxg6 97. Qg8+ Kf5 98. Qf7+ Ke4 
99. Qxf3+ Kxf3 1/2-1/2

[Event "Monday 15 January Rapid Engine Tour 12+1 Rounds 9 Starts 1600 ST"]
[Site "Infinity Chess"]
[Date "2018.1.15"]
[Round "9"]
[White "KULLANI"]
[Black "Katzenmaier"]
[Result "0-1"]
[ECO "C50"]
[WhiteElo "2457"]
[BlackElo "2472"]
[WhiteEngine "BrainFish_180106_x64_CTG"]
[BlackEngine "S_XPrO.251117.x64.POPCNT_CTG"]
[EventType "Swiss"]
[WhiteTeam ""]
[BlackTeam ""]
[PlyCount "244"]
[TimeControl "720+1"]

1. e4 e5 2. Nf3 Nc6 3. Bc4 Bc5 4. O-O Nf6 5. d3 d6 6. c3 O-O 7. Bg5 h6 8. Bh4 a6 
9. Re1 g5 10. Bg3 Ba7 11. Nbd2 Nh7 12. h3 h5 13. d4 g4 14. hxg4 hxg4 15. Bh4 Qd7 
16. Nh2 Kh8 17. Be2 Rg8 18. Nb3 Qe6 19. Bxg4 Rxg4 20. Qxg4 Qxg4 21. Nxg4 Bxg4 
22. d5 Nd8 23. c4 Kg7 24. Rac1 f6 25. c5 Nf7 26. f3 Bd7 27. Bf2 f5 28. exf5 Bxf5 
29. Na5 Nf6 30. Nxb7 Nxd5 31. cxd6 Bxf2+ 32. Kxf2 Bc8 33. Nc5 cxd6 34. Red1 Nf6 
35. Na4 Bd7 36. b3 Bxa4 37. bxa4 a5 38. Rc7 Kg6 39. Rdc1 Nd5 40. Rc8 Ra7 
41. Rb8 Kf5 42. Rc6 e4 43. Rb5 Ke6 44. Rc8 Nf6 45. Ke2 Ne5 46. fxe4 Nxe4 
47. Re8+ Kf5 48. g4+ Kxg4 49. Ke3 Kf5 50. Kd4 Rd7 51. Rf8+ Nf6 52. Rxa5 Ke6 
53. Ra6 Ng6 54. Rb8 Rh7 55. Raa8 Rh4+ 56. Kd3 Ne5+ 57. Kc2 Rh2+ 58. Kb3 Rh3+ 
59. Kb2 Rh2+ 60. Kb3 Nfd7 61. Rh8 Nc5+ 62. Kc3 Rxa2 63. a5 Ra4 64. Rh1 Ne4+ 
65. Kb3 Nc5+ 66. Kc2 Kd7 67. Rh7+ Kc6 68. Rhh8 Ned3 69. Kd2 Ra2+ 70. Ke3 Ne5 
71. Rh7 Ra3+ 72. Ke2 Ne4 73. a6 Ra2+ 74. Ke3 Kd5 75. Rb7 Ra3+ 76. Ke2 Nc4 
77. Kf1 Ra2 78. Kg1 Ne5 79. Rb3 Nd2 80. Re3 Ndf3+ 81. Kf1 Nh2+ 82. Ke1 Nhg4 
83. Rh3 Nf2 84. Rg3 Ne4 85. Rh3 Kd4 86. Rf8 Rxa6 87. Kf1 Nc4 88. Kg1 Ne3 
89. Rhf3 d5 90. Rg8 Nf6 91. Rg6 Ra1+ 92. Kh2 Nfg4+ 93. Kg3 Rg1+ 94. Kf4 Ng2+ 
95. Kxg4 Nh4+ 96. Kxh4 Rxg6 97. Rf1 Kc3 98. Kh5 Rg7 99. Rf3+ Kc4 100. Rf6 d4 
101. Rc6+ Kd5 102. Rf6 d3 103. Rf2 Rd7 104. Rf1 d2 105. Kg6 Ke4 106. Rd1 Kf3 
107. Kf5 Rd5+ 108. Kg6 Ke2 109. Ra1 d1=Q 110. Rxd1 Rxd1 111. Kf5 Ke3 
112. Ke5 Kf3 113. Kf6 Kf4 114. Ke6 Rd4 115. Kf6 Re4 116. Kg6 Re6+ 117. Kh7 Kg5 
118. Kg7 Re7+ 119. Kf8 Kf6 120. Kg8 Re8+ 121. Kh7 Rb8 122. Kh6 Rh8# 0-1

[Event "Monday 15 January Rapid Engine Tour 12+1 Rounds 9 Starts 1600 ST"]
[Site "Infinity Chess"]
[Date "2018.1.15"]
[Round "9"]
[White "Coco69"]
[Black "Vimtiroba"]
[Result "1/2-1/2"]
[ECO "C53"]
[WhiteElo "2433"]
[BlackElo "2483"]
[WhiteEngine "asmfishw_2018-01-12_base_CTG"]
[BlackEngine "Corchess 2.0_CTG"]
[EventType "Swiss"]
[WhiteTeam ""]
[BlackTeam ""]
[PlyCount "48"]
[TimeControl "720+1"]

1. e4 e5 2. Nf3 Nc6 3. Bc4 Bc5 4. c3 Nf6 5. d4 exd4 6. e5 d5 7. Bb5 Ne4 
8. cxd4 Bb6 9. O-O Bg4 10. a4 a5 11. Nc3 O-O 12. Bxc6 bxc6 13. h3 Bxf3 
14. Qxf3 Bxd4 15. Nxe4 dxe4 16. Qxe4 Re8 17. Qxc6 Rb8 18. Bd2 Rb6 19. Qf3 Rxe5 
20. Rad1 g6 21. Bf4 Re8 22. Bd2 Re5 23. Bf4 Re8 24. Bd2 Re5 1/2-1/2

[Event "Monday 15 January Rapid Engine Tour 12+1 Rounds 9 Starts 1600 ST"]
[Site "Infinity Chess"]
[Date "2018.1.15"]
[Round "9"]
[White "hafaba"]
[Black "Marsell"]
[Result "1/2-1/2"]
[ECO "D50"]
[WhiteElo "2431"]
[BlackElo "2483"]
[WhiteEngine "Stockfish SL 07012018 POPCNT_CTG"]
[BlackEngine "asmFishW_2018-01-11_popcnt"]
[EventType "Swiss"]
[WhiteTeam ""]
[BlackTeam ""]
[PlyCount "90"]
[TimeControl "720+1"]

1. d4 d5 2. c4 e6 3. Nc3 Nf6 4. Bg5 dxc4 5. e4 c5 6. dxc5 Qxd1+ 7. Rxd1 Bxc5 
8. e5 Nfd7 9. Bxc4 h6 10. Bf4 Nc6 11. Nf3 g5 12. Bg3 g4 13. Nd2 Ndxe5 
14. Be2 O-O 15. h3 gxh3 16. Rxh3 Rd8 17. Rxh6 Be7 18. Rh5 Ng6 19. Nc4 Rxd1+ 
20. Bxd1 Bd7 21. Bd6 Rd8 22. Ne4 Kg7 23. Bc7 Rc8 24. Bd6 b6 25. f4 f6 
26. g4 Bxd6 27. Ncxd6 Nxf4 28. Nxc8 Nxh5 29. Nxa7 Nxa7 30. gxh5 f5 31. Nd6 b5 
32. b4 Nc8 33. Nxc8 Bxc8 34. a4 bxa4 35. Bxa4 Kh6 36. Be8 f4 37. b5 Bb7 
38. Ke2 Bc8 39. Kf3 e5 40. Bg6 Bb7+ 41. Be4 Bc8 42. b6 Kxh5 43. Bc6 Kh6 
44. Ke4 Kg5 45. Kxe5 Kg4 1/2-1/2

[Event "Monday 15 January Rapid Engine Tour 12+1 Rounds 9 Starts 1600 ST"]
[Site "Infinity Chess"]
[Date "2018.1.15"]
[Round "9"]
[White "SkyPilot"]
[Black "angriff"]
[Result "1/2-1/2"]
[ECO "B00"]
[WhiteElo "2469"]
[BlackElo "2473"]
[WhiteEngine "stockfish_x64_bmi2_2018_01_01_CTG"]
[BlackEngine "SF_64BIT_POPCNT_CTG"]
[EventType "Swiss"]
[WhiteTeam ""]
[BlackTeam ""]
[PlyCount "56"]
[TimeControl "720+1"]

1. e4 Nc6 2. Nf3 e5 3. Bc4 Bc5 4. c3 Nf6 5. d3 d6 6. O-O O-O 7. h3 a5 8. Nbd2 h6 
9. Re1 Be6 10. Bb5 Qb8 11. Nf1 Qa7 12. Re2 a4 13. Ng3 Qa5 14. Bxc6 bxc6 
15. Nh4 Rfe8 16. Re1 d5 17. exd5 Nxd5 18. Nhf5 Qb6 19. Qf3 Nf4 20. d4 Bf8 
21. dxe5 Ng6 22. Qh5 Ra5 23. Nd4 Bc5 24. Qd1 Rd8 25. Re4 Bd5 26. Re1 Be6 
27. Re4 Bd5 28. Re1 Be6 1/2-1/2